 Dungeon Crawl Stone Soup version 0.32-a0-614-gd166fa89d2 (webtiles) character file.

Game seed: 4523733457664502007

94 mopl the Sneak (level 4, 0/21 HPs)
             Began as a Vine Stalker Enchanter on Mar 5, 2024.
             Slain by a water moccasin (4 damage)
             ... on level 3 of the Dungeon.
             The game lasted 00:03:04 (1725 turns).

mopl the Sneak (Vine Stalker Enchanter)             Turns: 1725, Time: 00:03:05

Health: 0/21       AC:  3    Str: 11    XL:     4   Next: 63%
Magic:  0/9        EV: 12    Int: 17    God:
Gold:   36         SH:  0    Dex: 14    Spells: 1/9 levels left

rFire   . . .        a - +5 dagger
rCold   . . .        (no shield)
rNeg    . . .        b - +0 robe
rPois   .            q - +0 helmet
rElec   .            o - scarf {shadows}
rCorr   .            (no gloves)
SInv    .            (no boots)
Will    .....        (no amulet)
Stlth   +++          (no ring)
HPRegen 1.03/turn    (no ring)
MPRegen 0.11/turn

%: guardian spirit
@: very slightly contaminated
A: fangs 2, regeneration 1, magic shield, antimagic bite, no potion heal 2
a: no special abilities


You were on level 3 of the Dungeon.
You visited 1 branch of the dungeon, and saw 3 of its levels.

You collected 132 gold pieces.
You spent 96 gold pieces at shops.

Inventory:

Hand Weapons
 a - a +5 dagger (weapon)
Missiles
 n - 3 boomerangs
Armour
 b - a +0 robe (worn)
 o - a scarf of shadows (worn)
 q - a +0 helmet (worn)
Jewellery
 l - a ring of fire
Scrolls
 d - 3 scrolls of teleportation {unknown}
 e - a scroll of enchant armour {unknown}
 k - a scroll of vulnerability {unknown}
 m - a scroll of noise {unknown}
 p - a scroll of fear {unknown}
 r - a scroll of immolation {unknown}
Potions
 c - 2 potions of invisibility
 f - a potion of magic
 g - 2 potions of haste
 h - a potion of might


   Skills:
 + Level 1.6 Short Blades
 - Level 1.5 Dodging
 * Level 4.7 Stealth
 * Level 3.1 Spellcasting
 * Level 3.7 Hexes


You had one spell level left.
You knew the following spells:

 Your Spells              Type           Power      Damage    Failure   Level
b - Ensorcelled Hibernat  Hex/Ice        18%        N/A       12%         2
c - Confusing Touch       Hex            15%        N/A       11%         3
d - Tukima's Dance        Hex            15%        N/A       11%         3

Your spell library contained the following spells:

 Spells                   Type           Power      Damage    Failure   Level
 Apportation              Tloc           4%         N/A       17%         1
 Jinxbite                 Hex            30%        N/A       5%          2
 Dazzling Flash           Conj/Hex       18%        N/A       24%         3
 Mephitic Cloud           Conj/Alch/Air  2%         N/A       45%         3
 Silence                  Hex/Air        4%         N/A       92%         5
 Alistair's Intoxication  Alch           1%         N/A       99%         5
 Curse of Agony           Necr           2%         N/A       99%         5


Dungeon Overview and Level Annotations

Branches:
Dungeon (3/15)

Altars:
Ashenzari
Cheibriados
Elyvilon
Gozag
Sif Muna
Trog
Wu Jian
Xom
Zin

Shops:
D:2 *


Innate Abilities, Weirdness & Mutations

You have extremely sharp teeth.
Your natural rate of healing is unusually fast.
When hurt, damage is shared between your health and your magic reserves.
Your bite disrupts and absorbs the magic of your enemies.
Potions cannot restore your health.


Message History

The endoplasm freezes you.
You are frozen.
The rat moves out of view.
You hit the endoplasm.
You kill the endoplasm!
No target in view!
No target in view!
r - a scroll labelled YDDEIF GUMESID
Found a dagger and a helmet.
Found a scroll labelled ADY TI ISMUA.
You barely miss the rat. You bite the rat.
You kill the rat!
No target in view!
Okay, then.
Okay, then.
As you read the scroll of identify, it crumbles to dust.
j - a potion of curing A water moccasin comes into view.
You see here a scroll labelled ADY TI ISMUA.
A water moccasin is nearby!
You miscast Ensorcelled Hibernation.
You are very lightly contaminated with residual magic.
Nothing appears to happen.
The water moccasin barely misses you.
You miscast Ensorcelled Hibernation.
Nothing appears to happen.
The water moccasin completely misses you.
The water moccasin resists with some effort.
The water moccasin bites you!
You are poisoned.
The water moccasin poisons you! The water moccasin bites you!
You are lethally poisoned!
The water moccasin poisons you!
There is a lethal amount of poison in your body!
You aren't carrying any items that you can evoke.
Unknown command.
Magic courses through your body.
* * * LOW HITPOINT WARNING * * *
You feel very sick. The water moccasin bites you.
* * * LOW HITPOINT WARNING * * *
Your system rejects the healing.
You feel better. The water moccasin bites you!
You die...

##### #.....####
#........# #........#
#### #........######.
#....#...............
#....#..............[
#....S........##...).
#@..............
#.........##...
#.........####
############....#
.......# ##..##....
.......###..#......
..............###..
#.......###.#### #
#.......###.####.. ##


You could see a water moccasin.

Vanquished Creatures
  Robin (D:3)
  An adder (D:2)
  2 dart slugs
  3 orcs (D:3)
  3 ball pythons
  5 bats
  5 endoplasms
  A giant cockroach (D:1)
  16 goblins
  9 hobgoblins
  2 jackals (D:1)
  A quokka (D:2)
  A frilled lizard (D:2)
  4 kobolds
  4 rats
58 creatures vanquished.

Notes
Turn   | Place    | Note
-------+----------+-------------------------------------------
     0 | D:1      | mopl the Vine Stalker Enchanter began the quest for the
                  | Orb.
     0 | D:1      | Reached XP level 1. HP: 9/9 MP: 4/4
   207 | D:1      | Reached skill level 1 in Short Blades
   318 | D:1      | Reached XP level 2. HP: 13/13 MP: 6/6
   321 | D:1      | Learned a level 2 spell: Ensorcelled Hibernation
   529 | D:1      | Reached skill level 4 in Stealth
   930 | D:2      | Reached XP level 3. HP: 16/16 MP: 7/7
   934 | D:2      | Learned a level 3 spell: Confusing Touch
  1412 | D:2      | Found Vogof's Assorted Antiques.
  1420 | D:2      | Bought a scroll labelled FIUSIWK YXETAR for 16 gold pieces
  1420 | D:2      | Bought a blackened moonstone ring for 80 gold pieces
  1491 | D:3      | Found a shimmering altar of Xom.
  1491 | D:3      | Found a white marble altar of Elyvilon.
  1499 | D:3      | Found an opulent altar of Gozag.
  1500 | D:3      | Found a glowing silver altar of Zin.
  1500 | D:3      | Found a broken altar of Ashenzari.
  1500 | D:3      | Found a shimmering blue altar of Sif Muna.
  1504 | D:3      | Found a bloodstained altar of Trog.
  1506 | D:3      | Found an ornate altar of the Wu Jian Council.
  1507 | D:3      | Found a snail-covered altar of Cheibriados.
  1531 | D:3      | Reached XP level 4. HP: 18/21 MP: 7/9
  1545 | D:3      | Learned a level 3 spell: Tukima's Dance
  1606 | D:3      | Noticed Robin
  1640 | D:3      | Reached skill level 3 in Spellcasting
  1657 | D:3      | Killed Robin
  1720 | D:3      | Noticed a water moccasin
  1725 | D:3      | Slain by a water moccasin

Illustrated notes

Levels and vault maps discovered:
D:1:      dpeg_arrival_circle_labyrinth_c, layout_basic
D:2:      layout_loops_cross, serial_shops, nicolae_shop_pleasant_corner_grove,
          minmay_3d_cube
D:3:      minmay_recursive_quarters, layout_rooms, minitemple, uniq_robin

Skill      XL: |  1  2  3  4 |
---------------+-------------+-----
Short Blades   | 1 |  1.6
Stealth        | 4 |  4.7
Spellcasting   | 3 |  3.1
Dodging        | |  1.5
Hexes          | |  3.7

Action                     |  1- 3 |  4- 6 || total
---------------------------+-------+-------++-------
  Melee: Dagger            |   117 |    45 ||   162
         Bite              |    21 |    11 ||    32
   Cast: Ensorcelled Hiber |     1 |     1 ||     2
    Use: Scroll            |     3 |     1 ||     4
         Potion            |       |     2 ||     2
   Stab: Sleeping          |     6 |       ||     6
 Armour: Robe              |    46 |    32 ||    78
  Dodge: Dodged            |    78 |    30 ||   108

Table legend: (Time is in decaauts)
 A = Elapsed time spent in this place.
 B = Non-inter-level travel time spent in this place.
 C = Inter-level travel time spent in this place.
 D = Time resting spent in this place.
 E = Time spent auto-exploring this place.
 F = Levels seen in this place.
 G = Mean time per level.
                   A        B        C        D        E       F      G
               +--------+--------+--------+--------+--------+-----+--------+
         Total |   1712 |   1650 |     62 |      0 |   1224 |   3 |  570.7 |
       Dungeon |   1712 |   1650 |     62 |      0 |   1224 |   3 |  570.7 |
               +--------+--------+--------+--------+--------+-----+--------+

Top non-repeatable levels by time:
     D:1: 843 daAuts
     D:2: 633 daAuts
     D:3: 235 daAuts
